 Dungeon Crawl Stone Soup version 0.29-a0-334-gb41bcbb86e (webtiles) character file.

Game seed: 16683324983609184730

7 kevlar127 the Skirmisher (level 1, -2/20 HPs)
             Began as a Minotaur Fighter on Apr 14, 2022.
             Slain by a wight
             ... wielding a +7 great sword
              (16 damage)
             ... on level 4 of the Dungeon.
             The game lasted 00:07:22 (296 turns).

kevlar127 the Skirmisher (Minotaur Fighter)          Turns: 296, Time: 00:07:23

Health: -2/20      AC:  7    Str: 20    XL:     1   Next: 83%
Magic:  0/0        EV:  9    Int:  5    God:
Gold:   31         SH:  4    Dex:  9    Spells: 0/0 levels left

rFire   . . .      SeeInvis .   a - +0 war axe
rCold   . . .      Faith    .   c - +0 buckler
rNeg    . . .      Spirit   .   b - +0 scale mail
rPois   .          Reflect  .   (helmet restricted)
rElec   .          Harm     .   (no cloak)
rCorr   .          Rampage  .   (no gloves)
Will    .....                   (no boots)
Stlth   ..........              (no amulet)
HPRegen 0.06/turn               (no ring)
MPRegen 0.07/turn               (no ring)

@: no status effects
A: horns 2, retaliatory headbutt
a: no special abilities


You were on level 4 of the Dungeon.
You visited 1 branch of the dungeon, and saw 4 of its levels.

You collected 31 gold pieces.

Inventory:

Hand Weapons
 a - a +0 war axe (weapon)
 e - a +0 dagger
 j - a +0 club
 k - a +0 hunting sling
Missiles
 f - 16 stones
Armour
 b - a +0 scale mail (worn)
 c - a +0 buckler (worn)
 g - a +0 leather armour
Jewellery
 i - a ring of protection from fire
 n - a ring of ice
Wands
 l - a wand of paralysis (4) (quivered)
 m - a wand of charming (15)
Scrolls
 h - 2 scrolls of identify {unknown}
 o - 3 scrolls of noise {unknown}
Potions
 d - 2 potions of might


   Skills:
 + Level 3.8 Fighting
 + Level 2.5 Axes
 + Level 3.8 Armour
 + Level 3.8 Shields


You couldn't memorise any spells.
You didn't know any spells.
Your spell library was empty.

Dungeon Overview and Level Annotations

Branches:
Dungeon (4/15)
 Temple: D:4-7

Altars:


Innate Abilities, Weirdness & Mutations

You have a pair of horns on your head.
You reflexively headbutt those who attack you in melee.


Message History

You climb downwards.
Found an escape hatch in the floor.
There is a stone staircase leading up here.
Found 9 stones.
There is an escape hatch in the floor here.
There is an escape hatch in the floor here.
There are no items here.
There is an escape hatch in the floor here.
There is an escape hatch in the floor here.
You slide downwards.
The hatch slams shut behind you.
Found a curved silver wand and an encrusted ivory wand.
Found a stone staircase leading up.
Found 3 scrolls labelled NIDYUC KAVAIGH.
Found a knobbly ruby ring.
You swing at nothing.
There are no items here.
You swing at nothing.
l - a wand of paralysis (4)
There are no items here.
m - a wand of charming (15)
There are no items here.
Found 32 stones.
A wight comes into view. It is wielding a +0 battleaxe.
You see here a ring of ice.
n - a ring of ice 2 wights come into view.
There is a stone staircase leading up here.
Found 11 gold pieces.
You see here 3 scrolls labelled NIDYUC KAVAIGH.
o - 3 scrolls labelled NIDYUC KAVAIGH The wight attacks as you move away!
The wight hits you with a +0 battleaxe!
You hit the wight but do no damage. Your headbutt misses the wight.
The wight closely misses you. The wight barely misses you.
You slash the wight! You hit the wight. You block the wight's attack.
The wight completely misses you. The wight attacks as you move away!
You block the wight's attack. The wight attacks as you move away!
The wight hits you with a +7 great sword!
Ouch! That really hurt!
You die...

.$..........
####............
..#............# ..
....#......(8.8 ...
#..#..........
...#####..##....8...8
.....................
........zz.........#.
#.....@z...<........
#####..#............
###.##............
#......#..........
#.............#.##
##......##...## #
#...##.#####.#
#....#.# ## #....###


You could see 3 wights.

Vanquished Creatures
  An endoplasm (D:1)
  A goblin (D:2)
  A kobold (D:1)
  A ball python (D:1)
  2 bats (D:1)
6 creatures vanquished.

Notes
Turn   | Place    | Note
-------+----------+-------------------------------------------
     0 | D:1      | kevlar127 the Minotaur Fighter began the quest for the Orb.
     0 | D:1      | Reached XP level 1. HP: 19/19 MP: 0/0
   283 | D:4      | Noticed a wight
   287 | D:4      | Noticed a wight
   287 | D:4      | Noticed a wight
   296 | D:4      | Slain by a wight

Illustrated notes

Levels and vault maps discovered:
D:1:      lightli_arrival_lavapool, layout_basic,
          hellmonk_ecumenical_altar_inner_sanctum
D:2:      layout_basic, serial_glass, glass_columns_a, glass_columns_a,
          st_stairs_4, kennysheep_decorative_pillar, uniq_jessica
D:3:      layout_rooms, ebering_ghost_rock_garden
D:4:      layout_cave_pools, gammafunk_temple_overflow_pools,
          serial_column_ruins, column_ruins_hut_ruined, column_ruins_grid_4,
          column_ruins_open_medium, column_ruins_corridor_straight,
          column_ruins_columns_T

Action                   || total
-------------------------++-------
Melee: War axe           ||    12
       Headbutt          ||     1
Armor: Scale mail        ||     4
Dodge: Dodged            ||    12
Block: Buckler           ||     5

Table legend: (Time is in decaauts)
 A = Elapsed time spent in this place.
 B = Non-inter-level travel time spent in this place.
 C = Inter-level travel time spent in this place.
 D = Time resting spent in this place.
 E = Time spent auto-exploring this place.
 F = Levels seen in this place.
 G = Mean time per level.
                   A        B        C        D        E       F      G
               +--------+--------+--------+--------+--------+-----+--------+
         Total |    302 |    302 |      0 |      0 |     66 |   4 |   75.5 |
       Dungeon |    302 |    302 |      0 |      0 |     66 |   4 |   75.5 |
               +--------+--------+--------+--------+--------+-----+--------+

Top non-repeatable levels by time:
     D:1: 200 daAuts
     D:2: 54 daAuts
     D:4: 38 daAuts
     D:3: 8 daAuts
